 Dungeon Crawl Stone Soup version 0.31-a0-185-g9dded2c639 (webtiles) character file.

Game seed: 16683911358145068877

60 qw the Shooter (level 3, -1/20 HPs)
             Began as a Deep Elf Hunter on June 22, 2023.
             Slain by a goblin
             ... wielding a +2 dagger of venom
             ... led by Robin
              (5 damage)
             ... on level 2 of the Dungeon.
             The game lasted 00:00:18 (830 turns).

qw the Shooter (Deep Elf Hunter)                     Turns: 830, Time: 00:00:18

Health: -1/20      AC:  3    Str: 10    XL:     3   Next: 80%
Magic:  5/5        EV: 12    Int: 13    God:
Gold:   61         SH:  0    Dex: 18    Spells: 2/2 levels left

rFire   . . .        Y - +0 shortbow
rCold   . . .        (shield currently unavailable)
rNeg    . . .        c - +0 leather armour
rPois   .            (no helmet)
rElec   .            (no cloak)
rCorr   .            (no gloves)
SInv    .            (no boots)
Will    .....        (no amulet)
Stlth   ++           (no ring)
HPRegen 0.23/turn    (no ring)
MPRegen 0.09/turn

%: no passive effects
@: no status effects
A: no striking features
a: no special abilities


You were on level 2 of the Dungeon.
You visited 1 branch of the dungeon, and saw 2 of its levels.

You collected 61 gold pieces.


   Skills:
 - Level 1.5 Fighting
 + Level 7.3 Ranged Weapons
 - Level 2.4 Dodging
 - Level 1.2 Stealth


You had 2 spell levels left.
You didn't know any spells.
Your spell library was empty.

Inventory:

Hand Weapons
 Y - a +0 shortbow (weapon)
Armour
 c - a +0 leather armour (worn)
Scrolls
 a - a scroll of revelation {unknown}
Potions
 e - a potion of curing {unknown}

Dungeon Overview and Level Annotations

Branches:
Dungeon (2/15)

Altars:

Annotations:
D:2 Robin


Message History

You shoot an arrow. The arrow hits the goblin.
You kill the goblin!
You shoot an arrow. The arrow barely misses the goblin.
The arrow hits the goblin but does no damage.
A hobgoblin comes into view.
The goblin hits you with a +0 dagger.
A goblin comes into view. It is wielding a +0 dagger.
A goblin comes into view. It is wielding a +0 club.
The goblin hits you but does no damage.
You shoot an arrow. The goblin shouts!
The arrow hits the goblin.
You kill the goblin!
You hear a shout!
Robin of the Strong Arm comes into view.
They are wielding a +0 whip.
You shoot an arrow. The arrow barely misses the goblin.
Robin shouts!
The goblin hits you with a +0 dagger.
The hobgoblin hits you but does no damage.
The goblin closely misses you. x3; Robin throws the goblin at you!
A goblin comes into view. It is wielding a +0 dagger.
The hobgoblin barely misses you.
You shoot an arrow.
The arrow hits the goblin but does no damage.
The goblin hits you with a +0 dagger. x2; The goblin completely misses you.
The hobgoblin closely misses you.
You shoot an arrow. The arrow hits the goblin.
You kill the goblin!
The goblin hits you but does no damage. The goblin barely misses you.
The hobgoblin hits you.
You shoot an arrow. The arrow misses the goblin.
The goblin hits you but does no damage.
The goblin hits you with a +0 dagger. x2
The hobgoblin misses you.
You shoot an arrow. The arrow hits the goblin!
You kill the goblin!
The goblin completely misses you. The goblin hits you with a +0 dagger.
The hobgoblin barely misses you.
You shoot an arrow. The arrow closely misses the goblin.
The goblin hits you with a +2 dagger of venom.
You die...

##%######. ##......#
... ##.####.# ...
##.# #.# .g.
##(####.# #g#
........# # #.#
#.......#
##g##g#####..
........#
#...ggg......
#.......# ..#.#@#
#.......# ..#.#g#
#..[....###..#.#.####
#............#.#....#
...........# #.####.#
...........# #.#.##.#
....##.#...###.#....#
....##.#>......#.####
....##.###.......#


You could see Robin, 2 hobgoblins and 5 goblins.

Vanquished Creatures
  A jelly (D:2)
  6 endoplasms
  A giant cockroach (D:1)
  4 goblins (D:2)
  3 hobgoblins
  4 kobolds (D:1)
  2 ball pythons (D:1)
  3 bats (D:1)
  3 frilled lizards
  2 rats (D:2)
29 creatures vanquished.

Notes
Turn   | Place    | Note
-------+----------+-------------------------------------------
     0 | D:1      | qw the Deep Elf Hunter began the quest for the Orb.
     0 | D:1      | Reached XP level 1. HP: 12/12 MP: 3/3
     0 | D:1      | 0 ||| qw: Version: 0.3-a-9-g12657ce
     0 | D:1      | 0 ||| qw: Game counter: 1681
     0 | D:1      | 0 ||| qw: Always use a shield: true
     0 | D:1      | 0 ||| qw: God list: Okawaru
     0 | D:1      | 0 ||| qw: Allow faded altars: false
     0 | D:1      | 0 ||| qw: Do Orc after D:15 true
     0 | D:1      | 0 ||| qw: Do second Lair branch before Depths: true
     0 | D:1      | 0 ||| qw: Lair rune preference: random
     0 | D:1      | 0 ||| qw: Plans: Normal
     0 | D:1      | 0 ||| PLANNING D:1-11
    85 | D:1      | Reached XP level 2. HP: 16/16 MP: 4/4
   108 | D:1      | Reached skill level 6 in Ranged Weapons
   298 | D:1      | Found a faded altar of an unknown god.
   582 | D:1      | 582 ||| READING scroll labelled ZAUNIPHYIZ.
   587 | D:1      | 587 ||| READING scroll labelled SUS JOQYAMIO.
   588 | D:1      | 588 ||| READING scroll labelled FAYSTO LYXUTS.
   589 | D:1      | 589 ||| DROPPING scroll of butterflies.
   715 | D:2      | Reached skill level 7 in Ranged Weapons
   715 | D:2      | Reached XP level 3. HP: 20/20 MP: 5/5
   824 | D:2      | Noticed Robin
   828 | D:2      | HP: 5/20 [goblin/+0 dagger[Robin] (1)]
   830 | D:2      | Slain by a goblin

Levels and vault maps discovered:
D:1:      lemuel_arrival_broad_hall, layout_basic,
          hellmonk_ecumenical_altar_pennies_from_heaven
D:2:      minmay_chambers_of_twos, layout_basic, uniq_jessica, uniq_robin

Skill      XL: |  1  2 |
---------------+-------+-----
Ranged Weapons | 7 |  7.3
Fighting       | |  1.5
Dodging        | |  2.4
Stealth        | |  1.2

Action                     || total
---------------------------++-------
   Fire: Shortbow          ||    69
    Use: Scroll            ||     3
 Armour: Leather armour    ||     6
  Dodge: Dodged            ||    15

Table legend:
 A = Non-vault XP
 B = Vault XP
 C = Vault XP percentage of total XP
 D = Non-vault monster count
 E = Vault monster count
 F = Vault count percentage of total count
                 A         B        C        D         E       F
            +---------+---------+-------+---------+---------+-------
      Total |      78 |       8 |   9.3 |      25 |       4 |  13.8
            +---------+---------+-------+---------+---------+-------
        D:1 |      27 |       0 |   0.0 |      18 |       0 |   0.0
        D:2 |      51 |       8 |  13.6 |       7 |       4 |  36.4
            +---------+---------+-------+---------+---------+-------
